 Dungeon Crawl Stone Soup version 0.20-a0-9-g62d82d9 (webtiles) character file.

73 JeffiDaFish the Covered (level 4, 0/28 HPs)
             Began as a Gargoyle Fighter on Nov 1, 2016.
             Slain by a gnoll
             ... wielding a +0 halberd
              (5 damage)
             ... on level 2 of the Dungeon.
             The game lasted 00:02:43 (1480 turns).

JeffiDaFish the Covered (Gargoyle Fighter)          Turns: 1480, Time: 00:02:43

Health: 0/28       AC: 10    Str: 21    XL:     4   Next: 27%
Magic:  4/4        EV:  7    Int:  8    God:
Gold:   39         SH:  9    Dex:  9    Spells: 0 memorised, 3 levels left

rFire  . . .     SeeInvis .     a - +0 rapier
rCold  . . .     Gourm    .     b - +0 scale mail
rNeg   + . .     Faith    .     c - +0 shield
rPois  ∞         Spirit   .     (no helmet)
rElec  +         Reflect  .     (no cloak)
rCorr  .         Harm     .     (no gloves)
MR     .....                    (no boots)
Stlth  ..........               (no amulet)
                                (no ring)
                                e - ring of wizardry

@: no status effects
A: negative energy resistance 1, electricity resistance, unbreathing,
petrification resistance, rot immunity, AC +3
a: no special abilities


You were on level 2 of the Dungeon.
You were not hungry.

You visited 1 branch of the dungeon, and saw 2 of its levels.

You collected 39 gold pieces.

Inventory:

Hand Weapons
 a - a +0 rapier (weapon)
Armour
 b - a +0 scale mail (worn)
 c - a +0 shield (worn)
Jewellery
 e - a ring of wizardry (left hand)
Wands
 h - a wand of digging (11/24)
Potions
 d - a potion of might
Comestibles
 f - 2 bread rations
 g - 9 chunks of flesh


   Skills:
 + Level 3.5 Fighting
 + Level 2.6 Short Blades
 + Level 4.1 Armour
 + Level 0.2 Dodging
 + Level 3.8 Shields


You had 3 spell levels left.
You didn't know any spells.

Dungeon Overview and Level Annotations

Branches:
Dungeon (2/15)

Altars:


Innate Abilities, Weirdness & Mutations

You are resistant to torment.
Your stone body is resilient. (AC +3)
You are immune to poison.
You resist negative energy. (rN+)
You are resistant to electric shocks. (rElec)
You can survive without breathing.
You are immune to petrification.
You are immune to rotting.


Message History

The gnoll is moderately wounded.
The gnoll hits you but does no damage. The gnoll barely misses you.
You hit the gnoll but do no damage.
The gnoll is moderately wounded.
The gnoll hits you but does no damage.
Your shield and scale mail prevent you from hitting the gnoll.
The gnoll is moderately wounded.
The gnoll hits you with a halberd. The gnoll hits you but does no damage.
You closely miss the gnoll.
The gnoll is moderately wounded.
The gnoll hits you with a halberd!
* * * LOW HITPOINT WARNING * * *
The gnoll hits you but does no damage.
You are too injured to fight recklessly!
You are too injured to fight recklessly!
You are too injured to fight recklessly!
You hit the gnoll.
The gnoll is heavily wounded.
The gnoll hits you with a halberd.
You die...

### ..# ## # #.# # #. #.
#.# #.##.# #.## #.#
..... #... #.# #..##
####...##%########...###
+.....g@................
####..g##.##.####.#..###
#.......#.# #.###.#
#.#.###.#.###..#.## #.#.
.#.......## # ..
.#####.### ## .# #.# #.#
#.#


You could see 2 gnolls.

Vanquished Creatures
  3 gnolls (D:2)
  An adder (D:2)
  A worm (D:2)
  A dart slug (D:1)
  3 bats
  3 goblins (D:1)
  3 hobgoblins
  4 jackals (D:1)
  4 kobolds (D:1)
  A quokka (D:2)
  A frilled lizard (D:2)
  5 rats
30 creatures vanquished.

Vanquished Creatures (others)
  4 toadstools (D:1)
4 creatures vanquished.

Grand Total: 34 creatures vanquished

Notes
Turn   | Place    | Note
-------+----------+-------------------------------------------
     0 | D:1      | JeffiDaFish the Gargoyle Fighter began the quest for the Orb.
     0 | D:1      | Reached XP level 1. HP: 14/14 MP: 1/1
   409 | D:1      | Reached XP level 2. HP: 19/19 MP: 2/2
  1095 | D:1      | Reached XP level 3. HP: 21/23 MP: 3/3
  1312 | D:2      | Reached skill level 4 in Armour
  1312 | D:2      | Reached XP level 4. HP: 19/28 MP: 4/4
  1480 | D:2      | Slain by a gnoll

Vault maps used:
D:1:      ldierk_walled_garden_2
D:2:      first_bread, ecumenical_altar_2, minmay_joined_circles

Skill      XL: |  1  2  3 |
---------------+----------+-----
Short Blades   | 2 |  2.6
Armour         | 4 |  4.1
Fighting       | |  3.5
Dodging        | |  0.2
Shields        | |  3.8

Action                   |  1- 3 |  4- 6 || total
-------------------------+-------+-------++-------
Melee: Rapier            |   117 |    20 ||   137
  Use: Potion            |     2 |       ||     2
       Scroll            |     4 |       ||     4
  Eat: Chunk             |     1 |     1 ||     2
Armor: Scale mail        |    88 |    10 ||    98
Dodge: Dodged            |    52 |     5 ||    57
Block: Shield            |    92 |     1 ||    93
